 Dungeon Crawl Stone Soup version 0.25.1-2-g60ff931df9 (webtiles) character file.

Game seed: 17807413774400900506

98 hawla the Cudgeler (level 4, -2/41 HPs)
             Began as a Minotaur Berserker on Oct 1, 2020.
             Was a Believer of Trog.
             Slain by Sigmund
             ... wielding a +2 vorpal scythe
              (8 damage)
             ... on level 2 of the Dungeon.
             The game lasted 00:03:01 (1246 turns).

hawla the Cudgeler (Minotaur Berserker)             Turns: 1246, Time: 00:03:01

Health: -2/41      AC:  4    Str: 23    XL:     4   Next: 44%
Magic:  3/3        EV: 12    Int:  4    God:    Trog [**....]
Gold:   68         SH:  0    Dex:  9    Spells: 3/3 levels left

rFire    . . .     SeeInvis .   a - +0 mace
rCold    . . .     Gourm    .   (no shield)
rNeg     . . .     Faith    .   e - +0 leather armour
rPois    .         Spirit   .   (helmet restricted)
rElec    .         Reflect  .   (no cloak)
rCorr    .         Harm     .   b - +0 pair of gloves
MR       ++...                  (no boots)
Stlth    +.........             (no amulet)
HPRegen  1.13/turn              (no ring)
MPRegen  0.08/turn              (no ring)

@: regenerating (expiring)
A: retaliatory headbutt, horns 2
a: Berserk, Trog's Hand, Renounce Religion


You were on level 2 of the Dungeon.
You worshipped Trog.
Trog was pleased with you.
You were hungry.

You visited 1 branch of the dungeon, and saw 2 of its levels.

You collected 68 gold pieces.

Inventory:

Hand Weapons
 a - a +0 mace (weapon)
Armour
 b - a +0 pair of gloves (worn)
 e - a +0 leather armour (worn)
Wands
 d - a wand of flame (25)
Scrolls
 h - a scroll of teleportation
Potions
 g - a potion of stabbing {unknown}
Comestibles
 c - a ration
 f - 10 chunks of flesh


   Skills:
 + Level 4.5 Fighting
 + Level 4.9 Maces & Flails
 + Level 2.6 Armour
 * Level 3.2 Dodging


You had 3 spell levels left.
You didn't know any spells.
Your spell library was empty.

Dungeon Overview and Level Annotations

Branches:
Dungeon (2/15)

Altars:
Qazlal
Xom

Annotations:
D:2 Sigmund


Innate Abilities, Weirdness & Mutations

You reflexively headbutt those who attack you in melee.
You have a pair of horns on your head.


Message History

You barely miss something. You headbutt something. Something hits you.
You hit something but do no damage.
You hear some strange, mumbled words.
A magic dart appears from out of thin air!
The magic dart hits you!
Your skin crawls.
You feel resistant to hostile enchantments.
You feel somewhat more hungry. Something hits you.
* * * LOW HITPOINT WARNING * * *
You hit something. You headbutt something!
Something hits you but does no damage.
You closely miss something. You headbutt something.
You feel the effects of Trog's Hand fading.
You are feeling hungry.
You miss something. Something hits you!
* * * LOW HITPOINT WARNING * * *
x2 You completely miss something.
Something hits you.
* * * LOW HITPOINT WARNING * * *
x2 You miss something.
Your headbutt misses something. Something hits you!
You die...

.##......##.#.....
....÷....#..#># ..###
###..(........# ...#
#.###.....### ...####
#.........# ###.#...#
#..####..## #.......#
...........#####....g#
#....####...†.##.{#.)..#
.....# #..###.#.@##....#
... #.## #...## ##.....
.# ... ##.## .@... .#
..## #.# #.## #.# #.#
... ##.# #.# .. ###...#
#.# ....# #.. ...## ##.


There were no monsters in sight!

Vanquished Creatures
  Jessica (D:2)
  2 adders (D:2)
  2 worms (D:2)
  A dart slug (D:2)
  2 giant cockroaches (D:1)
  4 goblins
  7 hobgoblins
  8 jackals
  8 bats
  3 frilled lizards
  6 kobolds
  A rat (D:1)
45 creatures vanquished.

Notes
Turn   | Place    | Note
-------+----------+-------------------------------------------
     0 | D:1      | hawla the Minotaur Berserker began the quest for the Orb.
     0 | D:1      | Reached XP level 1. HP: 19/19 MP: 0/0
   103 | D:1      | Reached XP level 2. HP: 8/27 MP: 1/1
   532 | D:1      | Reached ** piety under Trog
   614 | D:1      | Reached XP level 3. HP: 31/33 MP: 2/2
   834 | D:2      | Noticed Jessica
   842 | D:2      | Killed Jessica
   842 | D:2      | Reached XP level 4. HP: 26/41 MP: 3/3
  1058 | D:2      | Found a shimmering altar of Xom.
  1191 | D:2      | Found a stormy altar of Qazlal.
  1225 | D:2      | Noticed Sigmund
  1246 | D:2      | Slain by Sigmund

Illustrated notes

Levels and vault maps discovered:
D:1:      heliophobic_arrival_glass_houses, layout_rooms
D:2:      layout_rooms, nicolae_overflow_crystal_walls, grunt_qazlal_clouds,
          hangedman_decor_push, uniq_sigmund, uniq_jessica

Skill      XL: |  1  2  3 |
---------------+----------+-----
Maces & Flails | 4 |  4.9
Fighting       | 4 |  4.5
Dodging        | 3 |  3.2
Armour         | |  2.6

Action                   |  1- 3 |  4- 6 || total
-------------------------+-------+-------++-------
Melee: Mace              |    59 |    40 ||    99
       Headbutt          |     6 |     4 ||    10
Invok: Trog's Hand       |       |     1 ||     1
  Use: Scroll            |     2 |       ||     2
 Stab: Sleeping          |     1 |       ||     1
  Eat: Chunk             |       |     1 ||     1
Armor: Animal skin       |    14 |       ||    14
       Leather armour    |     1 |    14 ||    15
Dodge: Dodged            |    63 |    28 ||    91
